AoeStats
← renatoherrera1999

Migration

508583190Analyzed
1v1 RM · 9d ago on Sep 23, 2026· 60m 30s· 2 players
Game mode
Random Map
Map size
132×132
Population
200
Speed
Normal
Resources
Standard
Victory
Conquest
Starting age
Dark Age
Ending age
Imperial Age
RankedLock teamsTeams togetherTeam positionsShared explorationLock speedFull tech treeHidden civsTurbo modeCheats
Victory
Defeat
🇵🇪 Vikings · Peru
334
+14
🇦🇷 Teutons · Argentina
292
-14
鸡蛋汤
8:15 Loom
11:43 Feudal Age
13:16 Wheelbarrow
25:01 Castle Age
23:34 Man-at-Arms
24:00 Arson
24:37 Bloodlines
26:03 Town Watch
27:03 Forging
26:44 Fletching
27:41 Squires
31:47 Double-Bit Axe
33:00 Pikeman
41:59 Imperial Age
39:49 Horse Collar
39:45 Crossbowman
40:13 Gambesons
43:20 Crenellations
43:13 Padded Archer Armor
43:14 Scale Mail Armor
43:20 Scale Barding Armor
50:28 Long Swordsman
52:26 Two-Handed Swordsman
56:02 Hand Cart
56:24 Bow Saw
renatoherrera1999
9:17 Feudal Age
10:39 Double-Bit Axe
11:28 Loom
21:47 Castle Age
22:52 Man-at-Arms
24:06 Bow Saw
25:43 Long Swordsman
27:23 Forging
29:35 Gold Mining
35:12 Stone Mining
39:00 Iron Casting
43:06 Imperial Age
41:35 Scale Mail Armor
44:47 Two-Handed Swordsman
48:44 Pikeman
49:25 Squires
52:22 Gold Shaft Mining
53:22 Chain Mail Armor
54:25 Capped Ram
55:07 Arson
57:16 Siege Ram
Connection lost

Rejoining the realm…

Still unreachable

The connection could not be restored.

Session expired

The server has moved on; the page needs a fresh start.